[Event "Late-Titled-Tuesday-Blitz-January-16-2024"]
[Site "Chess.com"]
[Date "2024.01.16"]
[Round "5"]
[White "nindjaxx8"]
[Black "IPAchess"]
[Result "0-1"]
[WhiteElo "2561"]
[BlackElo "2394"]
[TimeControl "180+1"]
[EndTime "14:54:11 PST"]
[Termination "IPAchess won by resignation"]

1. d4 d5 2. c4 e6 3. Nc3 Nf6 4. cxd5 exd5 5. Bg5 c6 6. e3 h6 7. Bh4 Be7 8. Nf3 O-O 9. Bd3 Re8 10. O-O Ne4 11. Bxe7 Qxe7 12. Qc2 Nd7 13. Rab1 a5 14.
a3 Nd6 15. b4 axb4 16. axb4 b5 17. Ne2 Bb7 18. Ra1 Nb6 19. Ne5 Nbc4 20. Bxc4 Nxc4 21.
Nd3 Reb8 22. Nc5 Bc8 23. h3 Qg5 24. Nf4 Bf5 25. Qc3 Qe7 26. Nfd3 Qg5 27. Nf4 Qe7 28. Kh1 Qh4 29. Rxa8 Rxa8 30. Ra1 Rxa1+ 31. Qxa1 Qxf2 32. Qa8+ Kh7 33. Qb8 Nxe3 34. Qe5 Qe1+ 35. Kh2 Nf1+ 36.
Kg1 Qxe5 37. dxe5 Ne3 38. g4 Bb1 39. Nd7 Nc2 40. Kf2 Nxb4 41. e6 fxe6 42. Nxe6 Nd3+ 43.
Ke3 Nb4 44. Kd4 Be4 45. h4 Nc2+ 46. Kc5 b4 47. Nd4 Nxd4 48. Kxd4 Bf3 49. g5 hxg5 50.
hxg5 Be4 51. Ne5 b3 52. Kc3 Bc2 53. Nxc6 Kg6 54. Ne7+ Kxg5 55. Nxd5 Kf5 56. Ne3+ Ke4 57.
Ng2 g5 58. Ne1 Ke3 59. Nd3 Bxd3 0-1

[Event "Late-Titled-Tuesday-Blitz-January-16-2024"]
[Site "Chess.com"]
[Date "2024.01.16"]
[Round "5"]
[White "Chessbard1972"]
[Black "Brahianzevich"]
[Result "1-0"]
[WhiteElo "2411"]
[BlackElo "2427"]
[TimeControl "180+1"]
[EndTime "14:54:12 PST"]
[Termination "Chessbard1972 won by resignation"]

1. d4 d5 2. c4 e6 3. Nc3 Bb4 4. e3 Nf6 5. Bd2 O-O 6. Nf3 c5 7. dxc5 Bxc5 8. cxd5 exd5 9. Nb5 Nc6 10. Bc3 a6 11. Nbd4 Ne4 12. Be2 Nxc3 13. bxc3 Qa5 14. Qd2 Bg4 15. O-O Rfd8 16. h3 Bh5 17. a4 Bxf3 18.
Nxf3 Rac8 19. Rfb1 Rc7 20. Qb2 Be7 21. Nd4 Ne5 22. Rc1 Rdc8 23. Nf5 Bf8 24. Rd1 g6 25. Ng3 Nc4 26. Bxc4 Rxc4 27. Qxb7 Rxc3 28. Qxd5 Qxd5 29. Rxd5 Rc1+ 30. Rd1 Rxa1 31. Rxa1 Rc2 32. Ne4 Bg7 33. Ra3 f5 34. Ng5 Bf8 35. Rb3 Rc1+ 36. Kh2 h6 37. Ne6 Bd6+ 38. f4 Kf7 39. Nd4 Rc4 40. Rb6 Bc5 41.
Rxa6 Bxd4 42. exd4 Rxd4 43. Kg3 Rd3+ 44. Kf2 Rd2+ 45.
Kf3 Rd3+ 46. Ke2 Ra3 47. a5 Ra2+ 48. Kf3 Ra3+ 49. Kf2 Ra2+ 50. Kg3 Ra3+ 51. Kh4 Ra4 52. g3 g5+ 53. Kh5 gxf4 54. gxf4 Rxf4 55. Rxh6 Ra4 56. a6 Ra3 57. Kg5 Ra5 58. h4 Kg7 59. Rb6 f4+ 60. Kxf4 Ra4+ 61. Ke5 Rxh4 62. Kd6 Ra4 63.
Kc7 Kf7 64. Kb7 Ra1 65. a7 1-0

[Event "Late-Titled-Tuesday-Blitz-January-16-2024"]
[Site "Chess.com"]
[Date "2024.01.16"]
[Round "5"]
[White "subham777"]
[Black "GlavkonVVS"]
[Result "0-1"]
[WhiteElo "2582"]
[BlackElo "2461"]
[TimeControl "180+1"]
[EndTime "14:54:13 PST"]
[Termination "GlavkonVVS won by checkmate"]

1. e4 Nf6 2. Nc3 d5 3. e5 Nfd7 4. d4 e6 5. Nf3 c5 6. dxc5 Bxc5 7. Bd3 Nc6 8. Bf4 Be7 9. h4 a6 10. Qe2 b5 11. a3 Nc5 12. h5 h6 13. Rh3 b4 14. axb4 Nxb4 15. Rg3 Kf8 16. Nd4 Bd7 17. Rf3 Ncxd3+ 18. cxd3 Rc8 19. Kf1 Kg8 20. Rg3 Kh7 21.
Qg4 Rg8 22. Re1 Bh4 23. Rf3 Be8 24. Bd2 a5 25. Ncb5 Be7 26. Bf4 Nc2 27. Nxc2 Bxb5 28. Nd4 Bd7 29. Bd2 Be8 30. Rg3 Rb8 31. Bc3 Bb4 32. Bxb4 Rxb4 33. Rf3 Qb6 34. Rf4 Rxb2 35. Kg1 Rb1 36. Rxb1 Qxb1+ 37. Kh2 Qxd3 38. Rf3 Qe4 39. Rf4 Qxe5 40. g3 a4 41. Qd1 Qg5 42. Qd3+ Kh8 43.
Qc2 Qxh5+ 44. Rh4 Qe5 45. Nf3 Qf6 46. Qd2 Rf8 47. Nd4 e5 48. Ne2 d4 49. Ng1 Bc6 50.
Nh3 Kg8 51. f4 e4 52. f5 e3 53. Qd3 Rd8 54. Rf4 Qe5 55. Ng1 Qd5 56. Nf3 Qc5 57. Rxd4 Rxd4 58. Qxd4 Qxd4 59. Nxd4 a3 60. Kg1 a2 61.
Nc2 Ba4 62. Na1 Bd1 63. Kf1 e2+ 64. Ke1 Kf8 65. Kd2 Ke7 66. g4 Kf6 67. Ke1 Kg5 68.
f6 Kxf6 69. Kf2 Kg5 70. Ke1 Kxg4 71. Kf2 h5 72. Ke1 h4 73. Kd2 h3 74. Nb3 h2 75. Nc1 a1=Q 76. Nd3 Qa2+ 77. Ke3 Qa3 78. Kf2 h1=Q 79. Ne5+ Kh5 80. Nf3 Qaxf3# 0-1

[Event "Late-Titled-Tuesday-Blitz-January-16-2024"]
[Site "Chess.com"]
[Date "2024.01.16"]
[Round "5"]
[White "Goryachkina"]
[Black "sina101"]
[Result "0-1"]
[WhiteElo "2681"]
[BlackElo "2542"]
[TimeControl "180+1"]
[EndTime "14:54:18 PST"]
[Termination "sina101 won on time"]

1. e4 c6 2. d4 d5 3. e5 Bf5 4. Bd3 Bxd3 5. Qxd3 e6 6. Ne2 Ne7 7. O-O Nf5 8. Nd2 Be7 9. Nf3 Nd7 10.
c3 O-O 11. g4 Nh4 12. Nxh4 Bxh4 13. f4 Be7 14. f5 Bg5 15. Ng3 c5 16. Kh1 cxd4 17.
cxd4 Rc8 18. Bxg5 Qxg5 19. Nh5 Rc4 20. b3 Rc6 21. Qg3 exf5 22. Rxf5 Rc1+ 23. Kg2 Rc2+ 24. Kh3 Qd2 25. Raf1 Qxd4 26. e6 fxe6 27. Rxf8+ Nxf8 28. Qd6 Qd3+ 29. Ng3 Rc8 30. Qe7 Qg6 31. g5 h6 32.
Qxb7 Rc2 33. Qb8 Kh7 34. Rxf8 Qxg5 35. Rh8+ Kg6 36. Qe8+ Kf6 37. Rf8+ Ke5 38. Qb8+ Kd4 39. Rf4+ Ke3 40. Rh4 Rxh2+ 41. Kxh2 Qxh4+ 42. Kg2 Qg4 43. Qxa7+ d4 44. Qb7 d3 45. Qb6+ Kd2 46. Qf2+ Kc3 47.
Qc5+ Kd2 48. Qf2+ Kc3 49. Qc5+ Kd2 50. Qa5+ Kd1 51. Qc5 d2 52. a4 Ke1 53. Qe3+ Kd1 54. a5 Kc2 55. Qc5+ Kb2 56. Qd6 d1=Q 57. Qe5+ Kb1 0-1

[Event "Late-Titled-Tuesday-Blitz-January-16-2024"]
[Site "Chess.com"]
[Date "2024.01.16"]
[Round "5"]
[White "santosalberto1987"]
[Black "GMJustin"]
[Result "1/2-1/2"]
[WhiteElo "2499"]
[BlackElo "2341"]
[TimeControl "180+1"]
[EndTime "14:54:18 PST"]
[Termination "Game drawn by stalemate"]

1. e4 c6 2. c4 d5 3. exd5 Nf6 4. Nc3 cxd5 5. Qa4+ Bd7 6. Qb3 d4 7. Nd5 Bc6 8.
Nxf6+ gxf6 9. d3 e5 10. Nf3 Na6 11. Be2 Nc5 12. Qc2 a5 13. O-O Rg8 14. b3 Bd6 15. a3 f5 16. g3 Qf6 17. Bb2 Ne6 18.
Nd2 Ng5 19. Rfe1 Nh3+ 20. Kf1 f4 21. Bxd4 fxg3 22. hxg3 Rxg3 23. Nf3 Rxf3 24. Bxf3 Qxf3 25. Bxe5 Qg2+ 26. Ke2 Bxe5 27. Kd1 Bf3+ 28. Kc1 Qg5+ 29. Kb1 Kf8 30. Ra2 Nf4 31. d4 Bxd4 32. Rb2 Qf6 33. Ka2 Bxb2 34. Qxb2 Qxb2+ 35. Kxb2 Re8 36. Rg1 Re7 37.
Kc3 Be4 38. Rg4 Ng6 39. b4 Bf5 40. Rg5 Be6 41. Rxa5 f5 42. Ra8+ Kf7 43. a4 f4 44.
a5 f3 45. b5 Ne5 46. c5 Ng4 47. b6 Nxf2 48. a6 Ne4+ 49. Kd4 bxa6 50. Ra7 f2 51. Rxe7+ Kxe7 52. b7 f1=Q 53. b8=Q Qf2+ 54. Kxe4 Qxc5 55. Qb7+ Kd6 56. Qxh7 Qc6+ 57. Ke3 Qc5+ 58. Kd2 Qd4+ 59. Qd3 Qxd3+ 60. Kxd3 Kc5 61. Kc3 a5 62. Kb2 a4 63. Ka1 Kb4 64. Kb1 a3 65. Ka1 Kc3 66. Kb1 Bb3 67. Ka1 a2 1/2-1/2

[Event "Late-Titled-Tuesday-Blitz-January-16-2024"]
[Site "Chess.com"]
[Date "2024.01.16"]
[Round "5"]
[White "MyDream003"]
[Black "Malev212"]
[Result "0-1"]
[WhiteElo "2848"]
[BlackElo "2659"]
[TimeControl "180+1"]
[EndTime "14:54:20 PST"]
[Termination "Malev212 won by checkmate"]

1. Nf3 g6 2. g3 Bg7 3. Bg2 c5 4. O-O Nc6 5. c4 d6 6. Nc3 Bg4 7. d3 Qd7 8. Be3 h5 9. h4 Nh6 10. Qa4 Nf5 11. Bd2 Nfd4 12. Nxd4 Nxd4 13. Qxd7+ Kxd7 14. f3 Be6 15. e3 Nc2 16. Rad1 Nb4 17. Be1 Bf5 18. e4 Be6 19. Bf2 a6 20. a3 Nc6 21. Rd2 Nd4 22. Kh1 b5 23. cxb5 axb5 24. f4 Bg4 25. e5 dxe5 26. Bxa8 Rxa8 27. Bxd4 exd4 28. Ne4 c4 29. Kg2 Kc6 30. Rc1 Be6 31.
Kf2 Bd5 32. Ng5 e5 33. fxe5 Bxe5 34. Nf3 Bg7 35. dxc4 Bxf3 36. cxb5+ Kd5 37. Kxf3 Bh6 38. Rcd1 Bxd2 39. Rxd2 Ra5 40. b4 Rxa3+ 41. Kf4 Rb3 42. Kg5 Rxg3+ 43. Kf6 Rb3 44. Kxf7 Rxb4 45. Kxg6 Rxb5 46.
Kxh5 Ke4+ 47. Kg6 d3 48. h5 Ke3 49. Rh2 d2 50. Rh3+ Ke2 51. Rh2+ Kd3 52. Rh1 Re5 53. h6 Re1 54. Rh3+ Kc4 55. Rh4+ Kc5 56. Rh5+ Kc6 57.
h7 d1=Q 58. h8=Q Qd6+ 59. Kg5 Re5+ 60. Kg4 Qd4+ 61. Kf3 Re3+ 62. Kg2 Qd2+ 63. Kh1 Re1# 0-1

[Event "Late-Titled-Tuesday-Blitz-January-16-2024"]
[Site "Chess.com"]
[Date "2024.01.16"]
[Round "5"]
[White "mightysmasher"]
[Black "Igor_Lysyj"]
[Result "0-1"]
[WhiteElo "2561"]
[BlackElo "2860"]
[TimeControl "180+1"]
[EndTime "14:54:21 PST"]
[Termination "Igor_Lysyj won by checkmate"]

1. e4 e5 2. Nf3 Nc6 3. d4 exd4 4. Nxd4 Nf6 5. Nc3 Bb4 6. Nxc6 bxc6 7. Bd3 O-O 8. O-O d5 9. exd5 cxd5 10. Bg5 c6 11.
Qf3 h6 12. Bxf6 Qxf6 13. Qxf6 gxf6 14. Ne2 Bc5 15. c3 Re8 16. Ng3 Re5 17. h3 a5 18.
Rfe1 Rb8 19. b3 Kf8 20. Kf1 Bd7 21. f4 Re3 22. Rxe3 Bxe3 23. Nh5 Be6 24. f5 Bc8 25. Nxf6 Bd2 26. Ng4 h5 27. Nf2 Bb7 28. c4 Re8 29. Rd1 Bc3 30. Rc1 Bb4 31. g4 hxg4 32. hxg4 c5 33.
cxd5 Bxd5 34. Be2 a4 35. Bb5 axb3 36. Bxe8 bxa2 37. Ba4 Bc3 38. Nd3 Bc4 39. Ke2 a1=Q 40. Rxa1 Bxa1 41. Ke3 Bd4+ 42. Ke4 f6 43. Nf4 Ba2 44.
Bc2 Ke7 45. Nd5+ Kd6 46. Nf4 Bf7 47. Nh5 Be8 48. Ng7 Bc6+ 49. Kd3 Ke5 50. Ne6 Bf3 51. Kd2 Bxg4 52. Nxd4 cxd4 53. Bb3 Bxf5 54. Bd1 Be4 55. Be2 f5 56. Ke1 f4 57. Kf2 d3 58. Bd1 Kd4 59.
Ke1 Ke3 60. Be2 d2+ 61. Kf1 Bd3 62. Kg2 Bxe2 63. Kh3 d1=Q 64. Kh4 Qd5 65. Kh3 Qf3+ 66. Kh2 Qg3+ 67. Kh1 Bf3# 0-1

[Event "Late-Titled-Tuesday-Blitz-January-16-2024"]
[Site "Chess.com"]
[Date "2024.01.16"]
[Round "5"]
[White "tarno17"]
[Black "Maect19"]
[Result "0-1"]
[WhiteElo "2174"]
[BlackElo "2364"]
[TimeControl "180+1"]
[EndTime "14:54:21 PST"]
[Termination "Maect19 won by resignation"]

1. e4 e6 2. d4 d5 3. Nd2 dxe4 4.
Nxe4 Bd7 5. Nf3 Bc6 6. Ng3 Nd7 7.
Be3 Ngf6 8. Bd3 Be7 9. Qd2 Bxf3 10. gxf3 c5 11. c3 Qb6 12. Ne4 Nd5 13. dxc5 Nxc5 14. Bxc5 Bxc5 15. Nxc5 Qxc5 16. O-O-O O-O-O 17. Qg5 g6 18. Be4 f5 19. Bxd5 Rxd5 20. Rxd5 exd5 21. Rd1 Rd8 22. Qh4 Rd7 23. Rd4 Qf8 24. Qf4 Qe7 25. Qd2 Qe6 26. Kc2 a6 27. a3 Qc6 28. Kb1 Qe6 29. Qd1 b5 30. Ka2 Kc7 31. Qb3 Qc6 32. Qb4 Kb6 33. Qf8 Qc5 34. Qb8+ Rb7 35. Qd8+ Qc7 36.
Rxd5 Qxd8 37. Rxd8 Re7 38. Rh8 Kc5 39. Kb3 Kd5 40.
Kb4 h5 41. Ka5 Re6 42. Rd8+ Kc4 43. Rd4+ Kb3 44. Rb4+ Kc2 45. a4 bxa4 46. Rxa4 Kxb2 47.
Rc4 Kb3 48. Rc7 Re2 49. Kxa6 Rxf2 50. c4 Rxh2 51. c5 Rc2 52. c6 Kc4 53. Rb7 Kd5 54.
Rb6 h4 55. Kb7 h3 56. c7 h2 57. Rb5+ Kd6 58. Rb6+ Kd7 59. Rb1 Rxc7+ 60. Kb6 Rc2 61. Rd1+ Ke6 62. Rh1 Kf6 63. Kb5 g5 64. Kb4 g4 65. Kb3 Rg2 66. fxg4 fxg4 67. Kc3 g3 68.
Kd3 Rg1 0-1

[Event "Late-Titled-Tuesday-Blitz-January-16-2024"]
[Site "Chess.com"]
[Date "2024.01.16"]
[Round "5"]
[White "GMFYHR1"]
[Black "treadstone_71"]
[Result "1-0"]
[WhiteElo "2467"]
[BlackElo "2275"]
[TimeControl "180+1"]
[EndTime "14:54:26 PST"]
[Termination "GMFYHR1 won on time"]

1. d4 Nf6 2. c4 g6 3. Nc3 Bg7 4. Bg5 d6 5. e3 c5 6. dxc5 Qa5 7. Qa4+ Qxa4 8. Nxa4 Ne4 9. Bf4 Nxc5 10. Nxc5 dxc5 11. O-O-O Nc6 12. Bd3 Nb4 13. Bb1 Be6 14. a3 Nc6 15. b3 a5 16. a4 O-O 17. Nf3 Rfd8 18. Ng5 Bf5 19. Bxf5 gxf5 20. Rxd8+ Rxd8 21.
Bc7 Rd7 22. Bb6 Nb4 23. Rd1 Bb2+ 24. Kxb2 Rxd1 25. Bxc5 Nd3+ 26. Kc2 Nxf2 27. Bxe7 Rg1 28. g3 Ng4 29. e4 h6 30. Nh3 Rg2+ 31. Kd3 fxe4+ 32. Kxe4 Rxh2 33. Nf4 Rb2 34. Bd8 Rxb3 35. Bxa5 Ra3 36. Bb6 Rxa4 37. Kd5 Nf6+ 38. Kd4 Ra3 39. Nd3 Nd7 40. Bd8 f5 41. Be7 Ra1 42. Bd6 Kf7 43. Bf4 h5 44. Nb4 Ra4 45. Nd5 b5 46. Ne3 bxc4 47. Nxf5 Nf6 48. Nd6+ Kg6 49. Nxc4 Kf5 50.
Kd3 Ra1 51. Ne3+ Kg6 52. Be5 Ng4 53. Bxa1 Nh2 54. Ke2 Kg5 55. Ng2 Ng4 56. Kf3 Nh6 57. Bc3 Nf5 58. Bd2+ Kg6 59. Nh4+ Nxh4+ 60. gxh4 Kf5 61.
Bg5 Kg6 62. Kf4 Kh7 63. Kf5 1-0

[Event "Late-Titled-Tuesday-Blitz-January-16-2024"]
[Site "Chess.com"]
[Date "2024.01.16"]
[Round "5"]
[White "varunkrishnanchess"]
[Black "mbojan"]
[Result "0-1"]
[WhiteElo "2640"]
[BlackElo "2861"]
[TimeControl "180+1"]
[EndTime "14:54:27 PST"]
[Termination "mbojan won by checkmate"]

1. e4 g6 2. d4 Nf6 3. e5 Nh5 4. Be2 d6 5. Bxh5 gxh5 6. Qxh5 dxe5 7. dxe5 Qd5 8. Nf3 Qe4+ 9. Be3 Qxc2 10. O-O Qg6 11. Qh4 Rg8 12. Ne1 Nc6 13. Qa4 Bh3 14.
g3 Bxf1 15. Kxf1 Qg4 16. Qb3 O-O-O 17. Nc3 Nxe5 18. Rc1 Qc4+ 19. Kg1 Qxb3 20. axb3 a6 21. Ne4 Rg6 22. Rc5 Nd3 23. Nxd3 Rxd3 24. Bf4 c6 25. Rf5 f6 26. Nc3 Bh6 27. Ne2 Rxb3 28. Rh5 Bxf4 29.
Nxf4 Rg7 30. Ne6 Rf7 31. Rh4 Rxb2 32. Rd4 b5 33. Rd8+ Kb7 34. Rd7+ Kb6 35. h4 h5 36. Nd8 Rh7 37. Rb7+ Kc5 38. Ne6+ Kd6 39. Nd4 c5 40. Nf5+ Ke6 41. Ne3 a5 42. Rb6+ Kf7 43. Rc6 c4 44. Nd5 a4 45. Rc8 Ke6 46. Nf4+ Kd7 47. Ra8 c3 48.
Ra7+ Kc6 49. Ra8 Kb7 50. Rd8 a3 51. Kg2 a2 52. Rd7+ Kc6 53. Rd1 Rb1 54. Rd3 a1=Q 55. Ne2 b4 56. f3 Rb2 57. Kh3 Rxe2 58. g4 Qh1+ 59. Kg3 hxg4 60. Kxg4 Rxh4+ 61. Kf5 Rh5+ 62. Kg6 Rg5+ 63. Kf7 Qh7+ 64. Ke8 Qxd3 65. Kf7 Qxf3 66. Ke8 b3 67. Kf8 c2 68. Kf7 b2 69. Ke8 c1=Q 70.
Kf8 b1=Q 71. Kf7 Qg6+ 72. Kf8 Qg8# 0-1

[Event "Late-Titled-Tuesday-Blitz-January-16-2024"]
[Site "Chess.com"]
[Date "2024.01.16"]
[Round "5"]
[White "shrek4life02"]
[Black "alexrustemov"]
[Result "0-1"]
[WhiteElo "2637"]
[BlackElo "2853"]
[TimeControl "180+1"]
[EndTime "14:54:27 PST"]
[Termination "alexrustemov won by resignation"]

1. e4 e6 2. d4 d5 3. Nc3 dxe4 4.
Nxe4 Bd7 5. Nf3 Bc6 6. Ng3 Nd7 7. Be2 Ngf6 8. O-O Be7 9. Re1 O-O 10. c3 b6 11. a4 Bb7 12. a5 c5 13. a6 Bd5 14.
Bf4 Rc8 15. Ne5 cxd4 16. Qxd4 Bc5 17. Qa4 Nxe5 18. Bxe5 Bd6 19. Qf4 Bxe5 20. Qxe5 Qc7 21. Qg5 h6 22. Qh4 Rfd8 23. Nh5 Nxh5 24. Qxh5 Bb3 25. Bd1 Bc4 26. b3 Bd3 27. c4 Bg6 28.
Qb5 Rd2 29. Bf3 Rcd8 30. Rad1 Qc5 31. Qxc5 bxc5 32. h3 Rxd1 33. Rxd1 Rxd1+ 34. Bxd1 Kf8 35. f4 Ke7 36. Kf2 Kd6 37. Ke3 e5 38. fxe5+ Kxe5 39. Kd2 Be4 40. g3 Kd4 41. h4 g5 42. hxg5 hxg5 43.
Bh5 f6 44. Be8 f5 45. Bd7 f4 46. gxf4 gxf4 47. Bg4 Bg2 48. Bc8 Bc6 49. Bb7 Bd7 50. Bd5 Bg4 51. Bb7 f3 52. Bc6 f2 53. Bg2 Bc8 54. Ke2 Bxa6 55. Kxf2 Kc3 56. Ke3 Kxb3 57. Kd2 Bxc4 58. Bc6 a5 59. Kc1 a4 60. Kb1 a3 61.
Ka1 Kb4 62. Be4 Bb3 63. Bd3 Kc3 64. Be2 Bc4 65. Bf3 Bd3 66. Bd5 Kb4 67. Be6 Bb5 68. Bf7 Ba4 69. Bg6 c4 70. Ka2 c3 71. Bc2 Bxc2 0-1

[Event "Late-Titled-Tuesday-Blitz-January-16-2024"]
[Site "Chess.com"]
[Date "2024.01.16"]
[Round "5"]
[White "VitorBronson"]
[Black "kenta1234"]
[Result "1/2-1/2"]
[WhiteElo "2564"]
[BlackElo "2756"]
[TimeControl "180+1"]
[EndTime "14:54:28 PST"]
[Termination "Game drawn - insufficient material"]

1. d4 Nf6 2. c4 g6 3. Nc3 Bg7 4. e4 d6 5. Nf3 O-O 6. Be2 e5 7. Be3 Ng4 8. Bg5 f6 9. Bc1 c6 10. h3 Nh6 11. c5 exd4 12. Qxd4 dxc5 13. Qxc5 Nd7 14. Qc4+ Nf7 15. Bf4 Qe7 16. O-O Kh8 17. Rad1 Nde5 18. Qb3 Be6 19. Qc2 Nxf3+ 20. Bxf3 Ne5 21.
Be2 f5 22. Rfe1 fxe4 23. Qxe4 Bf5 24. Qe3 Rfe8 25. Bf1 Qf8 26. Qg3 Nf7 27. Bc4 Rxe1+ 28. Rxe1 Re8 29. Rxe8 Qxe8 30. Qe3 Qxe3 31. Bxe3 Ne5 32.
Be2 Bd3 33. Bxa7 Bxe2 34. Nxe2 Nd3 35. b3 Nb4 36. a4 Kg8 37. Bd4 Bf8 38. f4 Kf7 39.
Kf2 Ke6 40. Ke3 Nc2+ 41. Ke4 Ne1 42. g4 c5 43. Bf2 Nc2 44. f5+ gxf5+ 45. gxf5+ Kf7 46.
Kd5 Na1 47. Bxc5 Bxc5 48. Kxc5 Nxb3+ 49. Kb6 Kf6 50. Ng3 Ke5 51. f6 Kxf6 52. Ne4+ Ke5 53.
Nc5 Nd2 54. Nxb7 Kd5 55. Kb5 Nb3 56. Nd8 h5 57. Nf7 Nd4+ 58. Kb6 Nb3 59. Ng5 Ke5 60. Nf3+ Kf4 61. Ne1 Kg3 62. Nd3 h4 63. Nc5 Nd2 64. a5 Nc4+ 65. Kb5 Nxa5 66. Kxa5 Kxh3 67. Ne4 Kg2 68. Ng5 h3 69. Nxh3 1/2-1/2

[Event "Late-Titled-Tuesday-Blitz-January-16-2024"]
[Site "Chess.com"]
[Date "2024.01.16"]
[Round "5"]
[White "imdarealist"]
[Black "ahmedkandiliii"]
[Result "1-0"]
[WhiteElo "2285"]
[BlackElo "2409"]
[TimeControl "180+1"]
[EndTime "14:54:30 PST"]
[Termination "imdarealist won by checkmate"]

1. d4 Nf6 2. Bf4 g6 3. e3 Bg7 4.
h3 O-O 5. Nf3 c5 6. c3 d6 7.
Nbd2 Qb6 8. Nc4 Qc7 9. Bd3 b5 10.
Ncd2 a6 11. O-O Bb7 12. Bh2 Nbd7 13. a4 bxa4 14. Rxa4 e5 15. Nc4 e4 16. Bxd6 Qc6 17. Bxf8 exf3 18. Bxg7 fxg2 19. Re1 Kxg7 20. Ne5 Nxe5 21. dxe5 Qe6 22. exf6+ Kg8 23. Qg4 Qxf6 24. Be4 Bc8 25. Qf4 Qxf4 26. exf4 Rb8 27. b4 Bxh3 28. Bxg2 Bd7 29. Rxa6 cxb4 30. cxb4 Rxb4 31. Ra7 Be6 32. Re4 Rb1+ 33. Kh2 Rb2 34. Kg3 Rb3+ 35. Re3 Rb5 36. Bh3 Bb3 37. Bg2 Be6 38. Bc6 Rb1 39. Bd7 Bd5 40. f3 Kg7 41. Be8 Rb6 42. Ree7 Rf6 43. Bb5 Be6 44. Bd3 h5 45. Be4 Bc4 46. Ra5 Be6 47. Re5 Kg8 48. Bd5 Bxd5 49. Rxd5 Kf8 50. Ra7 Kg7 51. Rd4 Rf5 52. Re7 Kg8 53. Re5 Rf6 54.
Kh4 Kg7 55. Ra4 Kh6 56. Rb5 Kg7 57. Kg5 Re6 58. f5 Re1 59. fxg6 Rg1+ 60. Kf4 fxg6 61. Ra7+ Kh6 62. Rbb7 g5+ 63. Kf5 g4 64. Rh7# 1-0

[Event "Late-Titled-Tuesday-Blitz-January-16-2024"]
[Site "Chess.com"]
[Date "2024.01.16"]
[Round "5"]
[White "DeArron_Fox"]
[Black "cassoulet"]
[Result "1/2-1/2"]
[WhiteElo "2458"]
[BlackElo "2770"]
[TimeControl "180+1"]
[EndTime "14:54:32 PST"]
[Termination "Game drawn - insufficient material"]

1. d4 Nf6 2. c4 g6 3. Nc3 d5 4.
cxd5 Nxd5 5. e4 Nxc3 6. bxc3 Bg7 7. Be3 c5 8. Qd2 O-O 9. Nf3 Qa5 10. Rc1 Rd8 11. d5 Bg4 12. c4 Qxd2+ 13. Nxd2 Na6 14. h3 Bd7 15. Be2 Nb4 16. Bxc5 Nxa2 17. Rc2 Nc3 18. Bxe7 Re8 19. d6 Ba4 20. Rc1 Bc6 21. f3 Na2 22. Rb1 Bc3 23. Kf2 Bxd2 24. Rb2 Bb4 25. Rxa2 a5 26. Rd1 a4 27. e5 Rxe7 28. dxe7 Bxe7 29. f4 a3 30. Bf3 Bc5+ 31. Kg3 Ba4 32. Rb1 Bc6 33. Bxc6 bxc6 34. Rb3 Ra4 35. Rc3 Bb4 36. Rcc2 c5 37. Kf3 Ra6 38. Ke4 Kf8 39. Kd5 Ke7 40. Re2 Ra8 41. Ke4 Rd8 42. Re3 Rd4+ 43. Kf3 Rxc4 44. Rexa3 Bxa3 45. Rxa3 h5 46. Ra7+ Ke6 47.
Ra6+ Ke7 48. Ra7+ Kf8 49. g3 Rd4 50. Ra8+ Ke7 51. Ra7+ Rd7 52. Ra5 Rd3+ 53. Kf2 Rc3 54. Ra7+ Ke6 55. Ra6+ Kd5 56. Rf6 h4 57. gxh4 Rxh3 58.
Rxf7 Rxh4 59. Rf6 Rh6 60. f5 Rh5 61. fxg6 Kxe5 62. Rf8 Rg5 63. Rc8 Kd4 64. Rd8+ Kc3 65. Rg8 c4 66. Ke2 Kc2 67. Rc8 c3 68. Rc6 Kb2 69.
Kf3 c2 70. Rb6+ Kc3 71. Rc6+ Kd3 72. Rd6+ Kc4 73. Rc6+ Kd3 74. Rd6+ Kc3 75. Rc6+ Kb3 76. Rb6+ Kc4 77. Rc6+ Rc5 78. Rxc5+ Kxc5 79. g7 c1=Q 80. g8=Q Qf1+ 81. Ke4 Qe2+ 82. Kf5 Qf3+ 83. Kg6 Qg4+ 84. Kh7 Qxg8+ 85. Kxg8 1/2-1/2

[Event "Late-Titled-Tuesday-Blitz-January-16-2024"]
[Site "Chess.com"]
[Date "2024.01.16"]
[Round "5"]
[White "AntonSmirnov"]
[Black "Msb2"]
[Result "1-0"]
[WhiteElo "2947"]
[BlackElo "3035"]
[TimeControl "180+1"]
[EndTime "14:54:37 PST"]
[Termination "AntonSmirnov won by checkmate"]

1. e4 e6 2. d4 d5 3. exd5 exd5 4. h3 Nc6 5. c3 Bd6 6. Qf3 Be6 7. Bd3 Qf6 8. Be3 O-O-O 9. Nd2 Qxf3 10. Ngxf3 h6 11. O-O-O Nge7 12. Rde1 Nf5 13. Nf1 Rde8 14. Bd2 Bd7 15.
Ne3 Nxe3 16. Bxe3 Re7 17. Nh4 g6 18. Bd2 Rxe1+ 19. Rxe1 Ne7 20. Nf3 f6 21. Nh4 g5 22.
Ng6 Nxg6 23. Bxg6 Rg8 24. Bf7 Rg7 25. Bxd5 c6 26. Be6 h5 27. Kc2 Kc7 28. Bxd7 Kxd7 29. Kd3 g4 30. hxg4 Rxg4 31. g3 h4 32. gxh4 Rxh4 33.
a4 Rh2 34. Ke3 Ke6 35. Kf3+ Kf5 36. Re8 Rh1 37. Be1 c5 38. dxc5 Bxc5 39. b4 Bd6 40. Ke2 Be5 41. Re7 a5 42. Rxb7 Rh4 43. Rb5 Re4+ 44.
Kf1 Kg4 45. Rd5 f5 46. Rd3 Rc4 47. f3+ Kg5 48. Bd2+ Kf6 49. Ke2 Ke6 50. Kd1 Bf6 51. Kc2 axb4 52. Kb3 Rc8 53. cxb4 Be5 54. a5 Bd6 55.
Ka4 Rc2 56. a6 Ra2+ 57. Kb5 Bg3 58. Kb6 Bf2+ 59. Be3 Bg3 60. Bc5 Be5 61. Kb7 f4 62. a7 Bb8 63. axb8=Q Ra7+ 64. Kxa7 Kf5 65. Rd5+ Kg6 66.
Qd6+ Kh7 67. Qe7+ Kg8 68. Rd8# 1-0

[Event "Late-Titled-Tuesday-Blitz-January-16-2024"]
[Site "Chess.com"]
[Date "2024.01.16"]
[Round "5"]
[White "Akhayan"]
[Black "ChessRook_E"]
[Result "0-1"]
[WhiteElo "2349"]
[BlackElo "2195"]
[TimeControl "180+1"]
[EndTime "14:54:38 PST"]
[Termination "ChessRook_E won by resignation"]

1. e4 d6 2. d4 g6 3. Nc3 Bg7 4. Be3 Nd7 5. Qd2 e5 6. O-O-O Ngf6 7. Kb1 c6 8. f3 a6 9. g4 b5 10. h4 h5 11. g5 Ng8 12. dxe5 dxe5 13. Bh3 Ne7 14.
Nge2 Rb8 15. Qd6 Rb7 16. f4 Qc7 17. Qd2 O-O 18. f5 gxf5 19. exf5 f6 20. gxf6 Nxf6 21. Rhg1 Bxf5 22. Bh6 Ng4 23. Qg5 Ng6 24. Qxh5 Nxh6 25.
Bxf5 Nxf5 26. Qxg6 Qf7 27. Qg5 Qf6 28. Ne4 Qxg5 29.
Rxg5 Nxh4 30. b4 Nf3 31. Rg3 Nd4 32. Nxd4 exd4 33. Rdg1 Rbf7 34. Nd2 Re8 35. a3 Kf8 36. R3g2 Bh6 37. Nb3 Be3 38. Rh1 Ke7 39. Nc5 Ref8 40.
Ka2 Rf2 41. Rxf2 Rxf2 42. Kb3 Rf3 43. Nd3 Rf7 44. Rh5 Rf6 45. Re5+ Kd6 46. Re8 Rf1 47. Nc5 Rb1+ 48. Ka2 Rc1 49. Kb2 Rd1 50. Rd8+ Kc7 51.
Rd7+ Kc8 52. Rf7 Bd2 53. Ne4 Be1 54. Rh7 d3 55. cxd3 Rxd3 56. Nc5 Re3 57. Kc2 Rxa3 58.
Nb3 Ra2+ 59. Kd3 Rb2 60. Na5 Rxb4 61. Nxc6 Rc4 62. Ne5 Ra4 63. Nc6 Bg3 64. Rg7 Bd6 65. Rf7 Bc7 66. Rg7 Rc4 67. Nd4 Be5 68. Rg8+ Kb7 69.
Nf3 Rc3+ 70. Ke4 Bc7 71. Nd4 Rc4 72. Kd5 Rc1 73. Ne6 Rd1+ 74. Ke4 Re1+ 75. Kd5 Re5+ 76. Kd4 Rxe6 0-1

[Event "Late-Titled-Tuesday-Blitz-January-16-2024"]
[Site "Chess.com"]
[Date "2024.01.16"]
[Round "5"]
[White "Jospem"]
[Black "GHANDEEVAM2003"]
[Result "0-1"]
[WhiteElo "3096"]
[BlackElo "3014"]
[TimeControl "180+1"]
[EndTime "14:54:45 PST"]
[Termination "GHANDEEVAM2003 won on time"]

1. e4 c6 2. d4 g6 3. Nd2 Bg7 4. Ngf3 d6 5. c3 Nf6 6. Bd3 O-O 7. O-O Nbd7 8. h3 e5 9. Re1 Re8 10. Bc2 Qc7 11. a4 a5 12. Nf1 b6 13. Ng3 Bb7 14. Bg5 h6 15. Be3 Re7 16. Qd2 Kh7 17. Rad1 exd4 18. cxd4 Rae8 19. Bf4 Nf8 20. h4 Ne6 21. h5 Nxf4 22. Qxf4 Qd7 23. hxg6+ fxg6 24. e5 Nd5 25. Qh4 Bc8 26. e6 Rxe6 27. Ng5+ Kg8 28. Nxe6 Rxe6 29. Bb3 Kh7 30. Bxd5 cxd5 31. Rxe6 Qxe6 32.
Qd8 Qg4 33. Re1 Bd7 34. Re7 Bxa4 35. Qxb6 Kg8 36. Qb8+ Bf8 37. Re1 Qxd4 38. Nf1 Bd7 39. Ne3 Qe5 40. Qb3 Be6 41. Qd3 Bf7 42. b3 Qe4 43.
Qd1 Qe5 44. Nc2 Qc3 45. Re3 Qc5 46. Nd4 Qc8 47. g3 Bg7 48. Rd3 h5 49. Ne2 g5 50.
Nd4 Be5 51. Nf3 Bf6 52. Nd4 Bg6 53. Rd2 Be4 54. f3 Bg6 55. Ne2 Bf7 56. Kg2 Kg7 57. Ng1 d4 58. Rxd4 Bxd4 59. Qxd4+ Kg8 60. Qd2 Qc5 61. Nh3 g4 62. Nf4 gxf3+ 63. Kxf3 Bxb3 64. Qd3 Bf7 65. Qa6 Qc3+ 66. Kf2 Qd4+ 67. Kg2 Qe4+ 68. Kh2 Qe5 69. Qb6 Kg7 70. Qa7 h4 0-1